 Dungeon Crawl Stone Soup version 0.27-a0-1105-g946c659c87 (webtiles) character file.

Game seed: 18040399139576558932

1636936 Charly the Acrobat (level 27, 231/231 HPs)
             Began as a Merfolk Gladiator on Apr 30, 2021.
             Was a High Priest of Okawaru.
             Escaped with the Orb
             ... and 3 runes on May 1, 2021!
             The game lasted 08:17:51 (78820 turns).

Charly the Acrobat (Merfolk Gladiator)             Turns: 78820, Time: 08:17:51

Health: 231/231    AC: 39    Str: 29    XL:     27
Magic:  30/30      EV: 16    Int: 12    God:    Okawaru [*****.]
Gold:   4574       SH: 24    Dex: 18    Spells: 26/26 levels left

rFire    + + .     SeeInvis .   b - +9 demon trident (freeze)
rCold    + + +     Faith    .   w - +0 tower shield of the Flute {rC+ Will+ rCorr}
rNeg     . . .     Spirit   +   p - +1 gold dragon scales
rPois    +         Reflect  .   O - +2 helmet {Int+3}
rElec    +         Harm     .   M - +2 cloak {rF+}
rCorr    +         Rampage  ∞   e - +2 pair of gloves "Viystreo" {rElec rC++ Str+2 Dex-2}
Will     ++++.                  B - +3 pair of seven-league boots {Rampage+∞}
Stlth    ..........             J - amulet of Waisch {Spirit Regen+ Int+4 Slay+3}
HPRegen  1.48/turn              m - ring "Kudocomm" {Will+ Dex+4}
MPRegen  0.22/turn              u - +4 ring of slaying

@: no status effects
A: (nimble swimmer 2), mertail, dopey 1
0: Orb of Zot
}: 3/15 runes: serpentine, barnacled, silver
a: Renounce Religion, Heroism, Finesse


You escaped.
You worshipped Okawaru.
Okawaru was extremely pleased with you.
You visited 9 branches of the dungeon, and saw 47 of its levels.
You visited the Abyss 1 time.
You also visited: Bailey, Ice Cave and Volcano.

You collected 9828 gold pieces.
You spent 5254 gold pieces at shops.

Inventory:

Hand Weapons
 a - the +10 trident of the Chopping Boar {flame, rN+ Will+}
   (Okawaru gifted it to you on level 5 of the Lair of Beasts)

   It has been specially enchanted to burn those struck by it, causing extra
   injury to most foes and up to half again as much damage against particularly
   susceptible opponents.
   It protects you from negative energy.
   It increases your willpower.
 b - a +9 demon trident of freezing (weapon)
Missiles
 f - 14 datura-tipped darts
 n - 16 atropa-tipped darts
 r - 31 curare-tipped darts
 K - 5 boomerangs of dispersal
 L - 7 javelins (quivered)
 N - 12 throwing nets
 V - 8 silver javelins
Armour
 e - the +2 pair of gloves "Viystreo" (worn) {rElec rC++ Str+2 Dex-2}
   (Okawaru gifted it to you on level 3 of the Shoals)

   It affects your strength (+2).
   It affects your dexterity (-2).
   It greatly protects you from cold.
   It insulates you from electricity.
 p - +1 gold dragon scales (worn)
 w - the +0 tower shield of the Flute (worn) {rC+ Will+ rCorr}
   (Okawaru gifted it to you on level 4 of the Snake Pit)

   It protects you from cold.
   It protects you from acid and corrosion.
   It increases your willpower.
 B - the +3 pair of seven-league boots (worn) {Rampage+∞}
   (Okawaru gifted it to you on level 2 of the Depths)
 M - a +2 cloak of fire resistance (worn)
 O - a +2 helmet of intelligence (worn)
Jewellery
 i - the ring of Lucidity {rC+ MP+9 Int+4 SInv}
   (You found it on level 14 of the Dungeon)

   [ring of magical power]

   It affects your intelligence (+4).
   It protects you from cold.
   It affects your magic capacity (+9).
   It lets you see invisible.
 m - the ring "Kudocomm" (left hand) {Will+ Dex+4}
   (You found it on level 14 of the Dungeon)

   [ring of willpower]

   It affects your dexterity (+4).
   It increases your willpower.
 u - a +4 ring of slaying (right hand)
 J - the amulet of Waisch (around neck) {Spirit Regen+ Int+4 Slay+3}
   (You found it on level 5 of the Vaults)

   [amulet of guardian spirit]

   It causes incoming damage to be divided between your reserves of health and
   magic.
   It affects your intelligence (+4).
   It affects your accuracy and damage with ranged weapons and melee attacks
   (+3).
   It increases your rate of health regeneration.
Wands
 c - a wand of digging (1)
 k - a wand of charming (9)
 o - a wand of mindburst (23)
 S - a wand of acid (20)
 Z - a wand of iceblast (43)
Scrolls
 g - 8 scrolls of fog
 t - 19 scrolls of teleportation
 v - 10 scrolls of fear
 y - 8 scrolls of immolation
 A - 2 scrolls of holy word
 C - 3 scrolls of vulnerability
 I - a scroll of silence
 T - 2 scrolls of summoning
 Y - 3 scrolls of blinking
Potions
 h - 3 potions of attraction
 l - 18 potions of heal wounds
 q - 5 potions of cancellation
 x - 3 potions of ambrosia
 E - 6 potions of might
 F - 27 potions of curing
 G - 3 potions of invisibility
 H - 5 potions of magic
 Q - 4 potions of resistance
 R - 6 potions of haste
 U - 6 potions of berserk rage {zerk}
Miscellaneous
 d - a box of beasts
 j - a condenser vane
 s - a phantom mirror
 z - a tin of tremorstones (2/2)
 D - a lightning rod (4/4)
 W - a phial of floods


   Skills:
 - Level 22.0 Fighting
 - Level 12.0 Short Blades
 - Level 15.0 Polearms
 - Level 1.5(12.0) Slings
 + Level 20.3 Throwing
 + Level 18.2 Armour
 - Level 22.0 Dodging
 + Level 9.8 Stealth
 - Level 20.0 Shields
 - Level 10.0 Invocations
 + Level 15.5 Evocations


You had 26 spell levels left.
You didn't know any spells.
Your spell library contained the following spells:

 Spells                   Type           Power      Damage    Failure   Level
 Animate Skeleton         Necr           0%         N/A       100%        1
 Apportation              Tloc           0%         N/A       100%        1
 Beastly Appendage        Tmut           0%         N/A       100%        1
 Corona                   Hex            0%         N/A       100%        1
 Foxfire                  Conj/Fire      0%         2x1d4     100%        1
 Magic Dart               Conj           0%         1d3       100%        1
 Pain                     Necr           0%         1d4       100%        1
 Sandblast                Erth           0%         2d4       100%        1
 Shock                    Conj/Air       0%         1d3       100%        1
 Summon Small Mammal      Summ           0%         N/A       100%        1
 Blink                    Tloc           N/A        N/A       100%        2
 Call Imp                 Summ           0%         N/A       100%        2
 Corpse Rot               Necr/Air       N/A        N/A       100%        2
 Ensorcelled Hibernation  Hex/Ice        0%         N/A       100%        2
 Passwall                 Tmut/Erth      0%         N/A       100%        2
 Poisonous Vapours        Pois/Air       0%         N/A       100%        2
 Slow                     Hex            0%         N/A       100%        2
 Static Discharge         Conj/Air       0%         N/A       100%        2
 Sublimation of Blood     Necr           0%         N/A       100%        2
 Wereblood                Tmut           0%         N/A       100%        2
 Confusing Touch          Hex            0%         N/A       100%        3
 Conjure Flame            Conj/Fire      0%         6-21      100%        3
 Dazzling Flash           Conj/Hex       0%         N/A       100%        3
 Ignite Poison            Fire/Tmut/Pois 0%         N/A       100%        3
 Inner Flame              Hex/Fire       0%         N/A       100%        3
 Mephitic Cloud           Conj/Pois/Air  0%         N/A       100%        3
 Portal Projectile        Hex/Tloc       0%         N/A       100%        3
 Spider Form              Tmut/Pois      0%         N/A       100%        3
 Stone Arrow              Conj/Erth      0%         3d7       100%        3
 Swiftness                Air            0%         N/A       100%        3
 Tukima's Dance           Hex            0%         N/A       100%        3
 Airstrike                Air            0%         N/A       100%        4
 Animate Dead             Necr           0%         N/A       100%        4
 Cause Fear               Hex            0%         N/A       100%        4
 Hailstorm                Conj/Ice       0%         3d3       100%        4
 Ice Form                 Ice/Tmut       0%         N/A       100%        4
 Leda's Liquefaction      Hex/Erth       0%         N/A       100%        4
 Petrify                  Tmut/Erth      0%         N/A       100%        4
 Sticky Flame             Conj/Fire      0%         2d3       100%        4
 Summon Ice Beast         Ice/Summ       0%         N/A       100%        4
 Summon Lightning Spire   Summ/Air       0%         N/A       100%        4
 Alistair's Intoxication  Tmut/Pois      0%         N/A       100%        5
 Bolt of Magma            Conj/Fire/Erth 0%         4d4       100%        5
 Borgnjor's Vile Clutch   Necr/Erth      0%         N/A       100%        5
 Fireball                 Conj/Fire      0%         3d3       100%        5
 Hydra Form               Tmut           0%         N/A       100%        5
 Irradiate                Conj/Tmut      0%         3d14      100%        5
 Lee's Rapid Deconstruct  Erth           0%         3d5*      100%        5
 Lightning Bolt           Conj/Air       0%         1d11      100%        5
 Silence                  Hex/Air        0%         N/A       100%        5
 Summon Forest            Summ/Tloc      0%         N/A       100%        5
 Summon Mana Viper        Hex/Summ       0%         N/A       100%        5
 Blade Hands              Tmut           0%         N/A       100%        6
 Conjure Ball Lightning   Conj/Air       0%         3x3d6     100%        6
 Death Channel            Necr           0%         N/A       100%        6
 Eringya's Noxious Bog    Tmut/Pois      0%         N/A       100%        6
 Freezing Cloud           Conj/Ice/Air   0%         6-21      100%        6
 Shadow Creatures         Summ           N/A        N/A       100%        6
 Simulacrum               Ice/Necr       0%         N/A       100%        6
 Statue Form              Tmut/Erth      0%         N/A       100%        6
 Dragon Form              Tmut           0%         N/A       100%        7
 Ozocubu's Refrigeration  Ice            0%         4d5       100%        7
 Summon Hydra             Summ           0%         N/A       100%        7
 Borgnjor's Revivificati  Necr           0%         N/A       100%        8
 Infestation              Necr           0%         N/A       100%        8
 Necromutation            Tmut/Necr      0%         N/A       100%        8
 Death's Door             Necr           0%         N/A       100%        9
 Dragon's Call            Summ           0%         N/A       100%        9
 Tornado                  Air            0%         N/A       100%        9


Dungeon Overview and Level Annotations

Branches:
Dungeon (15/15)            Temple (1/1) D:7            Lair (6/6) D:9
 Shoals (4/4) Lair:3        Snake (4/4) Lair:2        Slime (0/5) Lair:5
    Orc (2/2) D:10            Elf (0/3) Orc:2        Vaults (5/5) D:14
  Crypt (0/3) Vaults:3     Depths (5/5) D:15            Zot (5/5) Depths:5
 Bailey (visited)           IceCv (visited)         Volcano (visited)

Altars:
Ashenzari
Cheibriados
Dithmenos
Elyvilon
Fedhas
Gozag
Hepliaklqana
Kikubaaqudgha
Makhleb
Nemelex Xobeh
Okawaru
Qazlal
Ru
Sif Muna
Trog
Uskayaw
Vehumet
Wu Jian
Xom
Yredelemnul
Zin
The Shining One
Beogh
Lugonu

Shops:
D:1 [   D:7 [   Orc:2 ![!:   Snake:1 (   Vaults:1 [   Vaults:2 [   Vaults:3 !
Vaults:4 ?   Depths:3 :(   Depths:4 *(*[

Portals:
Hell: Depths:1 Depths:2 Depths:3 Depths:4 Depths:5
Abyss: Depths:4
Pandemonium: Orc:2 Depths:1 Depths:2 Depths:3 Depths:5
Ziggurat: Depths:4

Annotations:
Lair:5 exclusion: oklob plant
Snake:4 Roxanne
Depths:4 exclusion: downstairs


Innate Abilities, Weirdness & Mutations

((You are quick and stealthy near water. (Stealth+, EV+, Speed+++)))
Your lower body shifts to a powerful aquatic tail in water.
You are dopey. (Int -2)


Message History

Magic restored.
HP restored.
There is a stone staircase leading up here.
You climb upwards.
There is a stone staircase leading down here.
There is a stone staircase leading up here.
You climb upwards.
There is a stone staircase leading down here.
A neqoxec comes into view.
The neqoxec shouts!
The neqoxec gestures at you.
Strange energies course through your body.
You feel stupid.
You stride towards the neqoxec!
You impale the neqoxec!! You freeze the neqoxec!
You kill the neqoxec!
Okawaru accepts your kill.
(D) Dungeon (T) Temple (L) Lair (A) Shoals (P) Snake Pit (M) Slime Pits (O) Orcish Mines (E) Elven Halls (V) Vaults (C) Crypt (U) Depths (H) Hell (Z) Zot
Where to? (Enter - D:1 @ (x,y), ? - help)
There is a stone staircase leading up here.
You climb upwards.
There is a stone staircase leading down here.
An infernal warmonger comes into view.
It is wielding a +5 vampiric demon blade and wearing a +0 kite shield of protection.
The infernal warmonger moves out of view.
Unknown command.
(D) Dungeon (T) Temple (L) Lair (A) Shoals (P) Snake Pit (M) Slime Pits (O) Orcish Mines (E) Elven Halls (V) Vaults (C) Crypt (U) Depths (H) Hell (Z) Zot
Where to? (Enter - D:1 @ (x,y), ? - help)
There is a stone staircase leading up here.
You climb upwards.
There is a stone staircase leading down here.
There is an open door here.
You see here a +0 club.
There is a staircase leading out of the dungeon here.
You have escaped!

#.# #.# #.# #.# #.# #.# #.# #.#
#.#######.###.#####.#
#................##.# ######
######.##.#.#.##.##.# .....# ###
####.#.#.##.##.# ####.## ##.##
##.##.#.#.##.##.#
#.....###...###...###.........###
#.##..##....'.'.@).'..#.##.####..
#.#....##...#+#...###.#.##.# #.#
......####.##.##.## #.#.##.# #.#
#.....# ##'##.##'## #.#.##.# #.#
###..####.##...##.###.#.##.# #.#
#..###.##.....##.#....##.# #.#
###....##'.......'##.......# #.#
#.....>.###.....###.#.#.#### ##.#
#.#..##..###...##.....#.# ##..#


There were no monsters in sight!

Vanquished Creatures
  6 dread liches (Zot:5)
  6 ancient liches
  2 orbs of fire (Zot:5)
  2 juggernauts
  Sojobo (Depths:3)
  3 Killer Klowns (Zot:5)
  Bai Suzhen (Snake:4)
  Saint Roka (Depths:1)
  Frederick (Vaults:4)
  Vashnia (Snake:3)
  2 curse toes (Zot:4)
  Xtahua (Depths:3)
  5 caustic shrikes
  13 golden dragons
  A bone dragon (Depths:4)
  5 electric golems
  The ghost of Mgcat the Severer, an adept OgBe of Trog (Shoals:3)
  3 hellephants
  5 liches
  Jorgrun (Shoals:2)
  19 tentacled monstrosities
  13 titans
  26 Orb Guardians (Zot:5)
  4 quicksilver dragons
  6 death cobs
  6 sphinxes
  Frances (Snake:2)
  Polyphemus (Shoals:2)
  7 shadow dragons
  Kirke (D:15)
  5 tengu reavers
  Donald (Vaults:4)
  A kraken (Shoals:3)
  15 storm dragons
  8 fire giants
  2 draconian monks
  A daeva (D:15)
  Ilsuiw (Shoals:2)
  5 nagarajas
  2 deep elf sorcerers
  2 orc warlords (Vaults:1)
  4 ghost moths
  3 draconian knights
  2 balrugs (D:15)
  3 iron dragons
  A cacodemon (D:6)
  Aizul (Snake:2)
  7 draconian scorchers
  18 vault wardens
  15 frost giants
  25 stone giants
  2 draconian shifters
  3 draconian stormcallers
  4 draconian annihilators
  19 ironbound preservers
  31 very ugly things
  3 spriggan defenders
  A blood saint (D:14)
  A juggernaut skeleton (Depths:3)
  2 war gargoyles (Vaults:5)
  4 vampire knights
  4 entropy weavers
  2 deep elf demonologists
  13 spark wasps
  Azrael (D:15)
  11 red draconians
  7 black draconians
  7 green draconians
  An entropy weaver (shapeshifter) (Vaults:4)
  3 deep elf annihilators (Vaults:5)
  7 yellow draconians
  13 purple draconians
  4 white draconians
  2 dire elephants (Vaults:3)
  The ghost of Danufek the Spear-Bearer, a journeyman MfGl of Okawaru (Lair:4)
  2 deep elf death magi
  5 merfolk javelineers
  14 fire dragons
  15 yaktaur captains
  10 ettins
  9 ironbound thunderhulks
  13 great orbs of eyes
  A quicksilver dragon skeleton (Depths:3)
  Fannar (Lair:2)
  11 merfolk impalers
  4 deep elf high priests
  41 vault guards
  5 boulder beetles
  3 salamander tyrants (Snake:4)
  18 ice dragons
  12 hydras
  18 naga warriors
  A monstrous demonspawn (D:14)
  A hell beast (Depths:2)
  13 anacondas
  6 merfolk avatars
  An ogre mage (Vaults:5)
  A hydra (shapeshifter) (D:14)
  Harold (D:9)
  An alligator snapping turtle (Shoals:4)
  3 catoblepae
  5 spriggan air magi
  6 rakshasas
  2 merfolk aquamancers (Shoals:1)
  A satyr (Shoals:4)
  Erica (Orc:1)
  12 ironbound frosthearts
  3 death knights
  An alligator snapping turtle (shapeshifter) (Depths:2)
  10 centaur warriors
  14 death yaks
  12 deep troll shamans
  11 two-headed ogres
  11 tengu warriors
  Urug (Lair:2)
  5 orc high priests (Orc:2)
  11 hell hogs
  10 deep troll earth magi
  A vampire mage (Depths:2)
  10 hell knights
  16 naga sharpshooters
  8 shock serpents
  3 ironbound beastmasters
  6 spriggan berserkers
  6 sun demons
  A soul eater (Depths:5)
  5 iron trolls
  2 deep elf knights (D:14)
  A storm dragon skeleton (Depths:3)
  6 salamander mystics
  A spark wasp zombie (Depths:2)
  9 skeletal warriors
  2 sixfirhies
  A fire crab (shapeshifter) (Vaults:5)
  3 shadow demons
  2 titan skeletons (Depths:3)
  6 glowing orange brains
  A torturous demonspawn (Orc:2)
  2 flayed ghosts
  15 sea snakes
  17 ironbound convokers
  An obsidian statue (Zot:5)
  11 naga ritualists (Snake:4)
  60 deep trolls
  5 phantasmal warriors
  2 gelid demonspawn
  13 orc knights
  2 deep elf pyromancers
  12 wizards
  4 lindwurms
  Pikel (D:7)
  4 necromancers
  3 oklob plants
  12 mana vipers
  3 harpies
  2 wolf spiders
  A fire giant zombie (Depths:2)
  A stone giant zombie (Depths:1)
  45 ugly things
  6 orc sorcerers (Orc:2)
  29 salamanders
  A sphinx skeleton (Depths:3)
  14 cyclopes
  9 manticores
  A shining eye (shapeshifter) (Depths:4)
  10 fauns
  2 ice statues (IceCv)
  An iron dragon skeleton (Depths:3)
  An elephant (shapeshifter) (D:15)
  18 elephants
  Joseph (D:9)
  23 moths of wrath
  39 black mambas
  16 merfolk sirens
  A frost giant skeleton (Depths:1)
  18 naga magi
  26 vault sentinels
  15 guardian serpents
  2 rust devils
  A torpor snail (shapeshifter) (Depths:2)
  5 water nymphs
  A cane toad (shapeshifter) (D:13)
  5 smoke demons
  3 orange demons
  4 kobold demonologists (D:12)
  5 freezing wraiths
  An unseen horror (D:12)
  2 unseen horrors (shapeshifter)
  5 cane toads
  30 yaktaurs
  4 rime drakes
  A redback zombie (Vaults:1)
  A hellwing (Depths:5)
  12 komodo dragons
  2 ice devils
  A yaktaur (shapeshifter) (D:14)
  3 tengu conjurers (Depths:2)
  A human skeleton (Vaults:1)
  2 trolls
  13 polar bears (IceCv)
  2 trolls (shapeshifter)
  39 merfolk
  A red devil (Orc:2)
  21 blink frogs
  A deep troll zombie (Depths:1)
  7 wind drakes
  4 hornets
  2 ice dragon zombies (Depths:1)
  8 snapping turtles
  27 slime creatures
  A stone giant simulacrum (Depths:1)
  11 water elementals
  12 redbacks
  3 vampires (Vaults:3)
  3 spriggan skeletons
  2 ynoxinuls (Depths:5)
  2 tarantellas
  2 spriggans
  An elf zombie (Depths:1)
  3 wraiths (D:11)
  18 yaks
  A hog (shapeshifter) (D:14)
  3 basilisks
  4 wyverns
  5 steam dragons
  2 chaos spawn
  2 neqoxecs
  14 vampire mosquitoes
  A harpy simulacrum (D:14)
  2 elf skeletons (Depths:3)
  57 nagas
  Edmund (D:6)
  A swamp worm (shapeshifter) (Depths:5)
  An acid dragon (D:10)
  8 water moccasins
  6 wargs (Orc:2)
  6 hell hounds
  A floating eye (Depths:2)
  A meliai simulacrum (D:15)
  52 orc warriors
  A sky beast (D:8)
  3 ice beasts
  2 black bears
  An ettin simulacrum (Vaults:1)
  9 ogres
  10 boggarts
  5 centaurs
  30 wolves
  2 lemures (D:7)
  A human zombie (Vaults:1)
  7 kobold brigands
  13 bullfrogs
  5 scorpions
  A water moccasin zombie (D:5)
  4 killer bees
  4 wights (D:9)
  An electric eel (Orc:2)
  7 howler monkeys
  2 jellies
  A gnoll shaman (D:4)
  4 hounds (D:5)
  6 bullfrog skeletons
  29 orc priests
  4 iguanas
  18 orc wizards
  A hound skeleton (D:5)
  17 gnolls
  A howler monkey skeleton (D:7)
  12 adders
  A white imp (D:6)
  An ufetubus (D:5)
  An adder skeleton (D:4)
  A worm (D:2)
  5 dart slugs
  80 orcs
  10 ball pythons
  3 endoplasms
  6 giant cockroaches
  8 goblins
  8 hobgoblins
  4 jackals
  3 quokkas
  5 bats
  2 frilled lizards
  67 kobolds
  13 rats
  A spectral orc (D:3)
  A tentacle (Shoals:3)
2139 creatures vanquished.

Vanquished Creatures (collateral kills)
  Jory (Depths:4)
  Rupert (D:15)
  An ironbound preserver (Vaults:5)
  A salamander tyrant (Snake:4)
  2 vault guards (Vaults:5)
  A naga sharpshooter (Snake:3)
  A spriggan berserker (Depths:4)
  2 deep trolls (Vaults:5)
  2 yaktaurs (Vaults:5)
  A troll (D:9)
  3 hornets (Depths:4)
  2 spriggans (Depths:4)
  2 nagas (Snake:4)
  An orc warrior (D:10)
21 creatures vanquished.

Vanquished Creatures (others)
  A vault guard (Vaults:5)
  A naga warrior (Snake:1)
  A hell hog (Depths:1)
  An ironbound convoker (Vaults:5)
  3 elephants (Lair:5)
  2 nagas (Snake:4)
  An orc warrior (D:10)
  4 humans (D:15)
  A centaur (D:15)
  A wyvern zombie (D:7)
  4 kobolds (D:7)
  21 fungi
  73 plants
  4 tentacles (Shoals:3)
118 creatures vanquished.

Grand Total: 2278 creatures vanquished

Notes
Turn   | Place    | Note
-------+----------+-------------------------------------------
     0 | D:1      | Charly the Merfolk Gladiator began the quest for the Orb.
     0 | D:1      | Reached XP level 1. HP: 16/16 MP: 1/1
    92 | D:1      | Reached skill level 1 in Stealth
   175 | D:1      | Reached XP level 2. HP: 22/22 MP: 2/2
   298 | D:1      | Found a faded altar of an unknown god.
   333 | D:1      | charming
   390 | D:1      | Found Dourelut's Armour Boutique.
   705 | D:1      | Reached skill level 1 in Evocations
  1205 | D:2      | Reached XP level 3. HP: 27/27 MP: 3/3
  1882 | D:2      | Reached XP level 4. HP: 35/35 MP: 4/4
  2604 | D:3      | Reached XP level 5. HP: 34/41 MP: 5/5
  2915 | D:3      | +4slay
  2950 | D:3      | Found a basalt altar of Yredelemnul.
  4167 | D:4      | Reached XP level 6. HP: 49/49 MP: 6/6
  4544 | D:4      | Reached skill level 5 in Fighting
  5046 | D:4      | Reached XP level 7. HP: 56/56 MP: 7/7
  5591 | D:4      | Reached skill level 5 in Evocations
  6085 | D:4      | Reached skill level 1 in Short Blades
  6585 | D:5      | Entered Level 5 of the Dungeon
  6699 | D:1      | Bought a +3 chain mail of poison resistance for 282 gold
                  | pieces
  6854 | D:5      | Reached skill level 1 in Armour
  7484 | D:5      | Reached XP level 8. HP: 48/64 MP: 8/8
  7594 | D:5      | Found a glowing silver altar of Zin.
  7597 | D:5      | Found a blossoming altar of Fedhas.
  7599 | D:5      | Found a stormy altar of Qazlal.
  8905 | D:1      | Bought a +0 buckler for 54 gold pieces
  9939 | D:6      | 8ev
  9998 | D:6      | Reached XP level 9. HP: 72/72 MP: 9/9
 10043 | D:6      | Reached skill level 5 in Short Blades
 10281 | D:6      | Noticed Edmund
 10308 | D:6      | Killed Edmund
 10309 | D:6      | Reached skill level 5 in Dodging
 11460 | D:6      | 9ev
 11597 | D:1      | Bought a +0 kite shield for 54 gold pieces
 11809 | D:7      | Found Locuzxiv's Antique Armour Shop.
 11926 | D:7      | Found a staircase to the Ecumenical Temple.
 11950 | Temple   | Entered the Ecumenical Temple
 12166 | Temple   | Became a worshipper of Warmaster Okawaru
 12617 | D:7      | Reached skill level 1 in Invocations
 12916 | D:7      | Noticed Pikel
 12974 | D:7      | Killed Pikel
 12974 | D:7      | Reached * piety under Okawaru
 13392 | D:8      | Reached XP level 10. HP: 64/80 MP: 11/11
 15449 | D:9      | Reached ** piety under Okawaru
 15461 | D:9      | Noticed Joseph
 15478 | D:9      | Killed Joseph
 15599 | D:9      | Noticed Harold
 15605 | D:9      | Killed Harold
 16719 | D:9      | Found a staircase to the Lair.
 17008 | D:10     | Entered Level 10 of the Dungeon
 17072 | D:10     | Reached *** piety under Okawaru
 17221 | D:10     | Received a gift from Okawaru
 17222 | D:10     | Reached skill level 10 in Fighting
 17222 | D:10     | Reached skill level 1 in Slings
 17275 | D:10     | Noticed a two-headed ogre
 17341 | D:9      | Reached XP level 11. HP: 90/90 MP: 13/13
 17410 | D:9      | Killed a two-headed ogre
 17611 | D:10     | Noticed a white ugly thing
 17625 | D:10     | Killed a white ugly thing
 17688 | D:10     | Noticed an orc knight
 19048 | Lair:1   | Entered Level 1 of the Lair of Beasts
 19252 | Lair:1   | Reached **** piety under Okawaru
 19252 | Lair:1   | Received a gift from Okawaru
 20518 | Lair:2   | Noticed a catoblepas
 20545 | Lair:2   | Killed a catoblepas
 20551 | Lair:2   | Reached skill level 10 in Shields
 20908 | Lair:2   | Found a staircase to the Snake Pit.
 20913 | Lair:2   | Identified the +2 ring mail of the Vacuum {Int+4}
 20990 | Lair:2   | Noticed Fannar
 21051 | Lair:2   | Reached ***** piety under Okawaru
 21052 | Lair:2   | Reached skill level 5 in Invocations
 21113 | Lair:3   | Noticed a five-headed hydra
 21289 | Lair:3   | Reached skill level 10 in Short Blades
 21360 | Lair:3   | Reached XP level 12. HP: 93/97 MP: 16/16
 21500 | Lair:3   | Found a staircase to the Shoals.
 22027 | Lair:3   | Killed a five-headed hydra
 22306 | Lair:4   | Identified the +2 pair of boots "Risikhik" {rC+ Regen+
                  | Str+4} (Okawaru gifted it to you on level 4 of the Lair of
                  | Beasts)
 22306 | Lair:4   | Received a gift from Okawaru
 22572 | D:1      | Bought the +0 pair of fencer's gloves {Riposte Dex+3} for
                  | 480 gold pieces
 22572 | D:1      | Found the +0 pair of fencer's gloves {Riposte Dex+3}
 23126 | Lair:4   | Found a runed translucent door.
 23369 | Lair:4   | Noticed a five-headed hydra
 23383 | Lair:4   | Killed a five-headed hydra
 24069 | Lair:4   | Noticed Danufek's ghost (journeyman MfGl)
 24303 | Lair:5   | Reached XP level 13. HP: 104/104 MP: 19/19
 24496 | Lair:5   | Identified the +10 trident of the Chopping Boar {flame, rN+
                  | Will+} (Okawaru gifted it to you on level 5 of the Lair of
                  | Beasts)
 24496 | Lair:5   | Received a gift from Okawaru
 24869 | Lair:5   | Found a staircase to the Slime Pits.
 25091 | Lair:5   | Reached skill level 5 in Polearms
 25485 | Lair:6   | Entered Level 6 of the Lair of Beasts
 25658 | Lair:6   | Received a gift from Okawaru
 25706 | Lair:6   | Reached skill level 5 in Armour
 25728 | Lair:6   | Received a gift from Okawaru
 25939 | Lair:6   | Reached skill level 10 in Polearms
 26119 | Lair:6   | Reached XP level 14. HP: 106/113 MP: 20/20
 26382 | Lair:6   | Identified the ring of Wulo {rF+ Will+}
 26862 | Lair:2   | Killed Fannar
 26891 | Lair:2   | Noticed Urug
 26899 | Lair:2   | Killed Urug
 27293 | D:10     | Found a staircase to the Orcish Mines.
 28061 | D:11     | Found a frozen archway.
 28074 | IceCv    | Entered an ice cave
 28084 | IceCv    | Reached ****** piety under Okawaru
 28127 | IceCv    | Identified the +9 rapier of the Establishment {vorpal, rC++
                  | rN+ Int-2} (Okawaru gifted it to you in an ice cave)
 28127 | IceCv    | Received a gift from Okawaru
 28419 | IceCv    | Found the +5 sword of Power {vorpal}
 28437 | IceCv    | Noticed a frost giant
 28447 | IceCv    | Killed a frost giant
 29067 | D:11     | Identified the +2 robe of Okawaru's Grace {Rampage rElec
                  | rPois Stlth-} (Okawaru gifted it to you on level 11 of the
                  | Dungeon)
 29067 | D:11     | Received a gift from Okawaru
 29673 | D:12     | Identified the +3 mace of Utaim {elec, Fly Will++}
 29870 | D:12     | Identified a scroll of acquirement
 29871 | D:12     | Acquired a +0 demon trident of electrocution
 30676 | D:12     | Reached XP level 15. HP: 110/120 MP: 18/21
 30873 | D:13     | Found a flagged portal.
 30895 | Bailey   | Entered a bailey
 30968 | Bailey   | Reached skill level 10 in Dodging
 31591 | D:13     | Received a gift from Okawaru
 31639 | D:13     | Noticed Snorg
 31640 | D:13     | Noticed Snorg
 31640 | D:13     | Snorg changed into Snorg the yaktaur
 31645 | D:13     | Killed Snorg the yaktaur
 32529 | D:14     | Found a burning altar of Makhleb.
 32853 | D:14     | Identified the Handbook of Creative Evil Magic
 32897 | D:14     | Received a gift from Okawaru
 33114 | D:14     | Cast into level 2 of the Abyss (a wizard)
 33150 | D:14     | Escaped the Abyss
 33393 | D:14     | Found a gate to the Vaults.
 33472 | D:14     | Identified the ring of Lucidity {rC+ MP+9 Int+4 SInv}
 33785 | D:14     | Reached XP level 16. HP: 130/130 MP: 22/22
 33795 | D:14     | Identified the ring "Kudocomm" {Will+ Dex+4}
 34013 | D:15     | Entered Level 15 of the Dungeon
 34013 | D:15     | Noticed Rupert
 34436 | D:15     | Received a gift from Okawaru
 34518 | D:15     | Found a staircase to the Depths.
 34658 | D:15     | Reached skill level 10 in Evocations
 34677 | D:15     | Noticed Kirke
 34704 | D:15     | Killed Kirke
 35066 | D:15     | Killed Rupert
 35098 | D:15     | Noticed Azrael
 35104 | D:15     | Killed Azrael
 35570 | Orc:1    | Entered Level 1 of the Orcish Mines
 35601 | Orc:1    | Found a dark tunnel.
 35625 | Volcano  | Entered a volcano
 36095 | Orc:2    | Entered Level 2 of the Orcish Mines
 36129 | Orc:1    | Noticed Erica
 36137 | Orc:1    | Killed Erica
 36407 | Orc:2    | Found Avitt's Distillery.
 36490 | Orc:2    | Found Xaubroc's Distillery.
 36621 | Orc:2    | Received a gift from Okawaru
 36688 | Orc:2    | Found a staircase to the Elven Halls.
 36735 | Orc:2    | Found Heninysm's Weapon Boutique.
 36910 | Orc:1    | Noticed Maurice
 36918 | Orc:1    | Noticed Maurice
 36918 | Orc:1    | Maurice changed into Maurice the steam dragon
 36923 | Orc:1    | Killed Maurice the steam dragon
 37348 | Orc:2    | Reached skill level 15 in Shields
 37537 | Orc:2    | Found Ratyfeov's Book Boutique.
 37537 | Orc:2    | Found Ucrieten's Antique Armour Shop.
 37538 | Orc:2    | Found a one-way gate leading to the halls of Pandemonium.
 37542 | Orc:2    | Bought a shimmering chain mail for 285 gold pieces
 37542 | Orc:2    | Identified the +8 chain mail "Hynet" {rC+ Int+3 Stlth+}
                  | (You bought it in a shop on level 2 of the Orcish Mines)
 38079 | Orc:2    | Reached XP level 17. HP: 136/136 MP: 23/23
 38215 | Orc:2    | Bought a potion of heal wounds for 80 gold pieces
 38215 | Orc:2    | Bought a potion of heal wounds for 80 gold pieces
 38215 | Orc:2    | Bought a potion of might for 64 gold pieces
 38215 | Orc:2    | Bought a potion of curing for 48 gold pieces
 38215 | Orc:2    | Bought a potion of curing for 48 gold pieces
 38215 | Orc:2    | Bought a potion of invisibility for 128 gold pieces
 38215 | Orc:2    | Bought a potion of heal wounds for 80 gold pieces
 38215 | Orc:2    | Bought a potion of curing for 48 gold pieces
 38217 | Orc:2    | Bought a potion of attraction for 51 gold pieces
 38217 | Orc:2    | Bought a potion of heal wounds for 85 gold pieces
 38217 | Orc:2    | Bought a potion of curing for 51 gold pieces
 38217 | Orc:2    | Bought a potion of resistance for 170 gold pieces
 38217 | Orc:2    | Bought a potion of haste for 170 gold pieces
 38217 | Orc:2    | Bought a potion of curing for 51 gold pieces
 38217 | Orc:2    | Bought a potion of curing for 51 gold pieces
 38217 | Orc:2    | Bought a potion of haste for 170 gold pieces
 38217 | Orc:2    | Bought a potion of invisibility for 136 gold pieces
 38529 | Shoals:1 | Entered Level 1 of the Shoals
 38589 | Shoals:1 | Identified the +11 chain mail of Snakes and Ladders
                  | {*Corrode rPois Str+6 Stlth+}
 38909 | Shoals:1 | Identified the ring "Kiqir" {Fly rElec Int+2}
 39518 | Shoals:2 | Noticed Jorgrun
 39717 | Shoals:2 | Noticed Ilsuiw
 39731 | Shoals:2 | Killed Ilsuiw
 39748 | Shoals:2 | Killed Jorgrun
 39754 | Shoals:2 | Noticed Polyphemus
 39766 | Shoals:2 | Killed Polyphemus
 39766 | Shoals:2 | Received a gift from Okawaru
 40967 | Shoals:3 | Identified the +2 pair of gloves "Viystreo" {rElec rC++
                  | Str+2 Dex-2} (Okawaru gifted it to you on level 3 of the
                  | Shoals)
 40967 | Shoals:3 | Received a gift from Okawaru
 41055 | Shoals:3 | Identified the +1 ring mail of the Blizzard {Stlth+}
 41207 | Shoals:3 | Noticed a kraken
 41212 | Shoals:3 | Killed a kraken
 41733 | Shoals:3 | Found a runed translucent door.
 41741 | Shoals:3 | Noticed Mgcat's ghost (adept OgBe)
 41870 | Shoals:3 | Reached XP level 18. HP: 142/147 MP: 24/24
 42012 | Shoals:4 | Entered Level 4 of the Shoals
 42684 | Shoals:4 | Reached skill level 15 in Fighting
 42764 | Shoals:4 | Received a gift from Okawaru
 43131 | Shoals:4 | Got a barnacled rune of Zot
 43851 | Snake:1  | Entered Level 1 of the Snake Pit
 43952 | Snake:1  | Received a gift from Okawaru
 44602 | Snake:1  | Reached skill level 5 in Throwing
 44772 | Snake:1  | Found Gixtor's Antique Weapon Shop.
 44846 | Snake:1  | Identified the amulet of Xoaqega {RegenMP Str-3 Int+5}
 45097 | Snake:2  | Found a shimmering blue altar of Sif Muna.
 45236 | Snake:2  | Noticed Aizul
 45454 | Snake:2  | Received a gift from Okawaru
 45608 | Snake:2  | Killed Aizul
 45826 | Snake:2  | Reached XP level 19. HP: 155/155 MP: 25/25
 45905 | Snake:2  | Noticed Frances
 45917 | Snake:2  | Killed Frances
 45918 | Snake:2  | Reached skill level 10 in Armour
 47001 | Snake:3  | Noticed Vashnia
 47058 | Snake:3  | Killed Vashnia
 47092 | Snake:3  | Received a gift from Okawaru
 47279 | Snake:4  | Entered Level 4 of the Snake Pit
 47285 | Snake:4  | Noticed Bai Suzhen
 47354 | Snake:4  | Identified the +0 tower shield of the Flute {rC+ Will+
                  | rCorr} (Okawaru gifted it to you on level 4 of the Snake
                  | Pit)
 47354 | Snake:4  | Received a gift from Okawaru
 47512 | Snake:4  | Killed Bai Suzhen
 48335 | Snake:4  | Reached XP level 20. HP: 162/162 MP: 26/26
 48338 | Snake:4  | Received a gift from Okawaru
 48475 | Snake:4  | Identified the +0 hat of Joy {rPois} (Okawaru gifted it to
                  | you on level 4 of the Snake Pit)
 48475 | Snake:4  | Received a gift from Okawaru
 49160 | Snake:4  | Got a serpentine rune of Zot
 49294 | Snake:4  | Identified Roxanne's Handbook of Earth
 49294 | Snake:4  | Noticed Roxanne
 49798 | Vaults:1 | Entered Level 1 of the Vaults
 49841 | Vaults:1 | Reached skill level 10 in Throwing
 49902 | Vaults:1 | Identified the Catalogue of Freezing Changing
 50113 | Vaults:1 | Received a gift from Okawaru
 50247 | Vaults:1 | Received a gift from Okawaru
 50354 | Vaults:1 | Received a gift from Okawaru
 50778 | Vaults:1 | Found Zyvevaps's Antique Armour Shop.
 51341 | Vaults:2 | Identified the +7 trident of Infection {drain, rN+}
                  | (Okawaru gifted it to you on level 2 of the Vaults)
 51341 | Vaults:2 | Received a gift from Okawaru
 51365 | Vaults:2 | Reached XP level 21. HP: 168/168 MP: 27/27
 51913 | Vaults:2 | Found Viecabuu's Armour Shoppe.
 52566 | Vaults:3 | Received a gift from Okawaru
 52954 | Vaults:3 | Received a gift from Okawaru
 53111 | Vaults:3 | Found a staircase to the Crypt.
 53262 | Vaults:3 | Received a gift from Okawaru
 53399 | Vaults:3 | Received a gift from Okawaru
 53432 | Vaults:3 | Found Acucwis's Distillery.
 53440 | Vaults:3 | Bought a potion of might for 80 gold pieces
 53440 | Vaults:3 | Bought a potion of curing for 60 gold pieces
 53440 | Vaults:3 | Bought 2 potions of curing for 120 gold pieces
 53440 | Vaults:3 | Bought a potion of might for 80 gold pieces
 53440 | Vaults:3 | Bought a potion of resistance for 200 gold pieces
 53440 | Vaults:3 | Bought a potion of curing for 60 gold pieces
 53440 | Vaults:3 | Bought a potion of resistance for 200 gold pieces
 53440 | Vaults:3 | Bought a potion of curing for 60 gold pieces
 53440 | Vaults:3 | Bought a potion of cancellation for 160 gold pieces
 53734 | Vaults:3 | Received a gift from Okawaru
 54479 | Vaults:4 | Noticed Frederick
 54489 | Vaults:4 | Killed Frederick
 54575 | Vaults:4 | Received a gift from Okawaru
 54629 | Vaults:4 | Reached XP level 22. HP: 159/175 MP: 28/28
 55114 | Vaults:4 | Received a gift from Okawaru
 55256 | Vaults:4 | Identified the ring of Wuczeelo {rPois rC- rCorr MP+9
                  | Int+3}
 55256 | Vaults:4 | Noticed Donald
 55275 | Vaults:4 | Found a transporter.
 55289 | Vaults:4 | Found a transporter.
 55340 | Vaults:4 | Found the +2 Maxwell's thermic engine {flame, freeze}
 55586 | Vaults:4 | Found Gaetueta's Magic Scroll Boutique.
 55625 | Vaults:4 | Bought a scroll of teleportation for 57 gold pieces
 55625 | Vaults:4 | Bought a scroll of teleportation for 57 gold pieces
 55625 | Vaults:4 | Bought a scroll of holy word for 142 gold pieces
 55625 | Vaults:4 | Bought a scroll of silence for 142 gold pieces
 55625 | Vaults:4 | Bought a scroll of teleportation for 57 gold pieces
 55625 | Vaults:4 | Bought a scroll of enchant weapon for 142 gold pieces
 55862 | Vaults:4 | Killed Donald
 55862 | Vaults:4 | Received a gift from Okawaru
 55966 | Vaults:4 | Identified Haunuvimp's Almanac of Supportive Darkness
 56314 | Depths:1 | Entered Level 1 of the Depths
 56342 | Depths:1 | Received a gift from Okawaru
 56559 | Depths:1 | Noticed a caustic shrike
 56575 | Depths:1 | Killed a caustic shrike
 56689 | Depths:1 | Identified the +7 scale mail "Daschiss" {rPois}
 56752 | Depths:1 | Identified the +0 ring mail of Honesty {rPois rN+} (Okawaru
                  | gifted it to you on level 1 of the Depths)
 56752 | Depths:1 | Received a gift from Okawaru
 57163 | Depths:1 | Found a blossoming altar of Fedhas.
 57495 | Depths:1 | Found a broken altar of Ashenzari.
 57542 | Depths:1 | Found a gateway to Hell.
 57542 | Depths:1 | Noticed Saint Roka
 57559 | Depths:1 | Reached XP level 23. HP: 91/181 MP: 22/29
 57564 | Depths:1 | Killed Saint Roka
 57565 | Depths:1 | Reached skill level 15 in Throwing
 57907 | Depths:2 | Identified the ring "Zaasuis" {+Blink rPois}
 58554 | Depths:2 | Received a gift from Okawaru
 58555 | Depths:2 | Found the +3 pair of seven-league boots {Rampage+∞}
 59195 | Depths:2 | Noticed a caustic shrike
 59202 | Depths:2 | Killed a caustic shrike
 59229 | Depths:2 | Identified the +10 falchion of Valour {vamp, *Noise rN+
                  | Dex+2}
 59693 | Depths:2 | Identified the +2 demon trident of Weak Optimality {drain,
                  | Fragile rCorr Int+3} (Okawaru gifted it to you on level 2
                  | of the Depths)
 59693 | Depths:2 | Received a gift from Okawaru
 59722 | Depths:2 | Noticed a caustic shrike
 59730 | Depths:2 | Noticed a caustic shrike
 59735 | Depths:2 | Killed a caustic shrike
 59736 | Depths:2 | Reached skill level 15 in Dodging
 59757 | Depths:2 | Killed a caustic shrike
 59758 | Depths:2 | Reached XP level 24. HP: 191/191 MP: 29/29
 59778 | Depths:2 | Noticed a juggernaut
 59795 | Depths:2 | Killed a juggernaut
 59796 | Depths:2 | Reached skill level 15 in Armour
 59908 | Depths:2 | Found the +3 giant club "Skullcrusher" {speed, Str+7}
 60339 | Depths:3 | Noticed Xtahua
 60348 | Depths:3 | Killed Xtahua
 60386 | Depths:3 | Received a gift from Okawaru
 60784 | Depths:3 | Received a gift from Okawaru
 60876 | Depths:3 | Noticed Sojobo
 60893 | Depths:3 | Killed Sojobo
 60952 | Depths:3 | Found Ilastreoqu's Book Shop.
 60956 | Depths:3 | Found Niradoni's Weapon Shop.
 61162 | Depths:3 | Received a gift from Okawaru
 61614 | Depths:4 | Reached skill level 5 in Stealth
 61636 | Depths:4 | Reached skill level 10 in Invocations
 62235 | Depths:3 | Received a gift from Okawaru
 62594 | Depths:4 | Noticed a juggernaut
 62605 | Depths:4 | Killed a juggernaut
 62690 | Depths:4 | Noticed a caustic shrike
 62703 | Depths:4 | Killed a caustic shrike
 62704 | Depths:4 | Reached XP level 25. HP: 202/202 MP: 30/30
 62720 | Depths:4 | Identified the +0 leather armour of the Assorted Things
                  | {rC+ Int+2}
 62914 | Depths:4 | Noticed Jory
 62934 | Depths:4 | Killed Jory
 62984 | Depths:4 | Found a gateway to a ziggurat.
 63012 | Depths:4 | Found Deosko's Assorted Antiques.
 63034 | Depths:4 | Found Eneozun's Armour Boutique.
 63034 | Depths:4 | Found Yzosumat's Assorted Antiques.
 63039 | Depths:4 | Found Jicseru's Weapon Shop.
 63048 | Depths:4 | Bought a potion of heal wounds for 220 gold pieces
 63053 | Depths:4 | Bought a scroll of summoning for 446 gold pieces
 63053 | Depths:4 | Bought a potion of curing for 141 gold pieces
 63053 | Depths:4 | Bought a scroll of fear for 164 gold pieces
 63121 | Depths:4 | Found a glowing golden altar of the Shining One.
 63223 | Depths:4 | Found a corrupted altar of Lugonu.
 63224 | Depths:4 | Found a one-way gate to the infinite horrors of the Abyss.
 63482 | Depths:5 | Entered Level 5 of the Depths
 63838 | Depths:5 | Identified the +4 spear of the Snake Pit {freeze, rN+++
                  | rCorr Int+5 Dex-3} (Okawaru gifted it to you on level 5 of
                  | the Depths)
 63838 | Depths:5 | Received a gift from Okawaru
 63906 | Depths:5 | Identified the +4 scimitar of the Exiled Allies {elec,
                  | rPois}
 64150 | Depths:5 | Found a gate to the Realm of Zot.
 64525 | Depths:5 | Found an iron altar of Okawaru.
 64795 | Depths:5 | Received a gift from Okawaru
 65555 | Vaults:5 | Entered Level 5 of the Vaults
 65578 | Vaults:5 | Received a gift from Okawaru
 65595 | Vaults:5 | Received a gift from Okawaru
 65642 | Vaults:5 | Reached XP level 26. HP: 161/213 MP: 30/30
 65903 | Vaults:5 | Reached skill level 15 in Polearms
 66325 | Vaults:5 | Noticed an ancient lich
 66346 | Vaults:5 | Killed an ancient lich
 66405 | Vaults:5 | Identified the amulet of Waisch {Spirit Regen+ Int+4
                  | Slay+3}
 66790 | Vaults:5 | Received a gift from Okawaru
 67023 | Vaults:5 | Identified the +6 lajatang "Yweqe" {vorpal, Dex+4}
 67103 | Vaults:5 | Identified the +3 short sword of Forgiveness {flame, Contam
                  | Will++ rCorr}
 67809 | Vaults:5 | Identified the +1 scimitar of the Exiled Prophets {venom,
                  | rElec rF+ rC+ Will-}
 67810 | Vaults:5 | Identified the +7 chain mail of Fisoaw {Rampage}
 67855 | Vaults:5 | Identified the Catalogue of Icy Ignition
 67858 | Vaults:5 | Got a silver rune of Zot
 68044 | Vaults:5 | Found the macabre finger necklace {rN+}
 68107 | Vaults:5 | Identified the +2 ring mail of Usoum {rF- Regen+ rCorr}
 68635 | Lair:4   | Killed Danufek's ghost
 68852 | Shoals:3 | Killed Mgcat's ghost
 68854 | Shoals:3 | Identified the +7 demon whip of the Slicing Fulmar {drain,
                  | rN+ Will- Int+3 Stlth+}
 69304 | Zot:1    | Entered Level 1 of the Realm of Zot
 70210 | Zot:1    | Reached XP level 27. HP: 213/224 MP: 28/30
 70436 | Zot:1    | Reached skill level 15 in Evocations
 70444 | Zot:1    | Received a gift from Okawaru
 70587 | Zot:1    | Found the +7 mace of Variability {chain chaos}
 72611 | Zot:3    | Received a gift from Okawaru
 74095 | Zot:4    | Received a gift from Okawaru
 75312 | Zot:5    | Entered Level 5 of the Realm of Zot
 76404 | Zot:5    | Received a gift from Okawaru
 76421 | Zot:5    | Noticed a dread lich
 76447 | Zot:5    | Killed a dread lich
 76447 | Zot:5    | Received a gift from Okawaru
 76447 | Zot:5    | Noticed an ancient lich
 76458 | Zot:5    | Killed an ancient lich
 76483 | Zot:5    | Noticed an ancient lich
 76495 | Zot:5    | Killed an ancient lich
 76495 | Zot:5    | Received a gift from Okawaru
 76769 | Zot:5    | Noticed an orb of fire
 76778 | Zot:5    | Killed an orb of fire
 76831 | Zot:5    | Noticed an ancient lich
 76841 | Zot:5    | Killed an ancient lich
 76841 | Zot:5    | Received a gift from Okawaru
 76842 | Zot:5    | Received a gift from Okawaru
 76897 | Zot:5    | Received a gift from Okawaru
 76900 | Zot:5    | Noticed a dread lich
 76905 | Zot:5    | Killed a dread lich
 76905 | Zot:5    | Received a gift from Okawaru
 76907 | Zot:5    | Noticed a dread lich
 76910 | Zot:5    | Killed a dread lich
 76910 | Zot:5    | Received a gift from Okawaru
 76925 | Zot:5    | Noticed an ancient lich
 76935 | Zot:5    | Killed an ancient lich
 76937 | Zot:5    | Noticed a dread lich
 76946 | Zot:5    | Paralysed by a dread lich for 3 turns
 76950 | Zot:5    | Noticed an ancient lich
 76952 | Zot:5    | Killed a dread lich
 76963 | Zot:5    | Killed an ancient lich
 76979 | Zot:5    | Noticed an orb of fire
 76987 | Zot:5    | Killed an orb of fire
 77336 | Zot:5    | Noticed a dread lich
 77364 | Zot:5    | Killed a dread lich
 77414 | Zot:5    | Noticed a dread lich
 77445 | Zot:5    | Killed a dread lich
 78119 | Zot:5    | Got the Orb of Zot
 78534 | D:14     | Received a gift from Okawaru
 78756 | D:3      | Gained mutation: You are dopey. (Int -2) [a neqoxec]
 78820 | D:$      | Escaped with the Orb!

Illustrated notes ###.###.####### #.^............ ######.#......#..... #......#)....[#._.# #.####.#......#...#. #.#................. #.#.##.....[........ #.#. #.#...#..#.... #.#....#...#.@# ... #.#.#..#...#..# #.#.##......... #.#. ###.##.##.# #.#. #.##.. .. #.#.# #.######## #.#.# #.. #.#.# ## #.#.# Turn 333 on D:1: charming #...........#..##.# #..#...####...###.# #..##.## ##.## #[# #..##.# #.# #.# #..##.######.####.# ###...........>...# #######.........(###### ..........######## .......@..# ..........# ########### Turn 2915 on D:3: +4slay #.# ####.# #.# ..##.# #.# ### #(##.# #.### #.# # #(##.# #######.#<# #.### O.##.##.###. #.......#.####.... ...<........ #.#####.#.##...... #.##.##.########.#####.#.##.#.... #...............@).........†..... #..#.##.###...................#.. ).....†.###.##.....#####.##...#.# ...................# #.##...#.# ...#.##.###.#.##.### #.##...#.# ..........#.#.##.# #.##...#.# .#.#.##.###.#.##.# ###.##...... .#.#.##.###.#.##.####.[...##.##.# .....##.##..........+...........# Turn 9939 on D:6: 8ev

####..####..).......###.##.....
#..............................
#####.#........#.##.###.#.##.##
#.................#.#.##.#
#.#......#.#.##.###.#.##.#
#.#......#.#.##.###.#.##.##
#####.#.##.......##.##.........
#................##........#.##
#.............@................
#####.#.#.....................#
#.#.###....................
#.#......######.##..#.#...#
#.#.###..######.##.(#.#...#
#.#.# #...............#...#
#.#.# #...#####.##..###[..#
#.#.###...# #............
#.#.#.....#####+##..###....


Turn 11460 on D:6: 9ev

Levels and vault maps discovered:
D:1:      dpeg_arrival_rhombi, layout_loops_ring,
          hellmonk_ecumenical_altar_lost_god, serial_shops, shop
D:2:      layout_basic, minmay_rat_gold_closets
D:3:      layout_loops_ring, yredelemnul_forgotten_temple_becter
D:4:      minmay_goblin_kobold_castle, layout_loops_corners
D:5:      layout_gridville, grunt_temple_overflow_open, roderic_roman_lattice
D:6:      layout_basic, minmay_between, uniq_edmund
D:7:      layout_basic, minmay_temple_entry_sparse_star, serial_shops,
          nicolae_shop_waterfront, lemuel_flame_loot_1, uniq_pikel
D:8:      layout_rooms
D:9:      layout_gridville, grunt_lair_entry_orc_guard_hut, minivault_14,
          grunt_decor_mini_mirrors, uniq_joseph, uniq_harold
D:10:     layout_layer_cave, david_orc_5
D:11:     layout_roguey, portal_ice_cave_entry_pillars_2
D:12:     layout_basic
D:13:     layout_loops_corners, enter_bailey_6, minmay_misc_feat_hallway,
          serial_bayou_pond_e, uniq_snorg
D:14:     minmay_swirls_squares, layout_long_grid,
          lightli_vaults_fourway_checkpoint, bloody_makhleb
D:15:     gammafunk_enter_depths_forms, layout_stronghold, grunt_decor_clamped,
          st_stairs_5, uniq_rupert, uniq_kirke, uniq_azrael
Temple:   dpeg_five_rooms_temple
Lair:1:   layout_loops_ring, serial_forest, infiniplex_forest_clump_curved,
          infiniplex_forest_zigzag_1, infiniplex_forest_straight_4,
          infiniplex_forest_lined_room_, infiniplex_forest_end_3,
          beast_lair_carwin_7, lemuel_fruit_tree
Lair:2:   layout_regular_city, guppyfry_snake_entry_island, grunt_megastairs_1,
          infiniplex_staircase_pool_2, uniq_urug, uniq_fannar
Lair:3:   layout_roguey, elwin_shoals_entry_stream, minivault_19,
          minmay_lair_oklob_chamber
Lair:4:   layout_cave_pods, ebering_ghost_reflecting_pool
Lair:5:   layout_hall_layers, minmay_slime_entry_oklob_enclosed,
          serial_bayou_shore_a
Lair:6:   grunt_lair_end_beastmaster, layout_long_grid
Shoals:1: layout_shoals
Shoals:2: layout_shoals, uniq_ilsuiw, uniq_jorgrun, uniq_polyphemus
Shoals:3: layout_shoals, gammafunk_ghost_grave, hangedman_shoals_cup_caves
Shoals:4: shoals_end_simple, layout_shoals
Snake:1:  nicolae_snakescales, layout_cave_pods, serial_shops, shop
Snake:2:  layout_cave_pods, basic_altar, library_closet, grunt_ministairs_7,
          nicolae_snake_lava_pool, uniq_frances, uniq_aizul
Snake:3:  layout_misc_corridors, uniq_vashnia
Snake:4:  grunt_snake_rune_serpentine_throne, layout_grid_shapes, uniq_roxanne,
          uniq_bai_suzhen
Orc:1:    layout_caves, enter_volcano_3, uniq_erica, uniq_maurice
Orc:2:    pf_orc_diabolical, layout_caves, serial_shops,
          nicolae_shop_behind_doors, nooodl_orcs_dogs
Vaults:1: v_rooms_6, grunt_vaults_hallway_long, nicolae_vaults_meeting,
          grunt_vaults_focal, hangedman_vaults_maws, nicolae_vaults_alarming,
          nicolae_vaults_little_squares_6, vaults_room_pools,
          layout_vaults_big_room, serial_shops, shop
Vaults:2: hangedman_vaults_trim, v_misc_13, nicolae_vaults_specimen_jars,
          v_misc_15, layout_vaults_quadrants, serial_shops, nicolae_shop_stone
Vaults:3: ontoclasm_vaults_decontamination, v_misc_18,
          nicolae_vaults_network_barrier, ontoclasm_vaults_shout,
          vaults_mumra_chevron, v_misc_17, v_misc_10, vaults_dpeg_cross,
          vaults_mumra_hexcomb, v_rooms_2, ontoclasm_vaults_fault,
          nicolae_vaults_sealed_display, minmay_crypt_entry_vampire_xt,
          nicolae_vaults_rhombus_6, layout_vaults_ring, serial_shops,
          nicolae_shop_waterfront
Vaults:4: gammafunk_the_bubble [the_bubble_gammafunk_crates], v_alt_pattern_6,
          grunt_vaults_trifunnel, nicolae_vaults_mini_display_case,
          vaults_room_boxed, nicolae_vaults_little_squares_1,
          grunt_vaults_hallway_short, nicolae_vaults_network_s,
          dpeg_vaults_monster_box, ontoclasm_vaults_ring_square,
          vaults_room_semicircle, vaults_room_pool, ontoclasm_vaults_idyll,
          layout_vaults_big_cross, serial_shops, nicolae_shop_waterfront,
          uniq_donald, uniq_frederick
Vaults:5: serial_shops
Depths:1: minmay_the_grid_square_5x5_4x4 [minmay_the_grid_square_5x5_moneybag,
          minmay_the_grid_square_5x5_one_wall,
          minmay_the_grid_square_5x5_trominoes,
          minmay_the_grid_square_5x5_checkered_sparse,
          minmay_the_grid_square_5x5_fat_x,
          minmay_the_grid_square_5x5_prize_itemx,
          minmay_the_grid_square_5x5_prize_deathbox,
          minmay_the_grid_square_5x5_spiral_small,
          minmay_the_grid_square_5x5_pentomino_r,
          minmay_the_grid_square_5x5_prize_pseudospiral,
          minmay_the_grid_square_5x5_prize_gold,
          minmay_the_grid_square_5x5_minibox,
          minmay_the_grid_square_5x5_two_walls_a,
          minmay_the_grid_square_5x5_shrine2,
          minmay_the_grid_square_5x5_three_walls,
          minmay_the_grid_square_5x5_spiral], layout_gridlike, grunt_hell_horde,
          pan_entry, cheibrodos_ashenzari_chains, fedhas_altar_2,
          uniq_saint_roka
Depths:2: nzn_winding_woodlands_huge [nzn_winding_woodlands_5x15_garden,
          nzn_winding_woodlands_5x15_parted, nzn_winding_woodlands_5x15_cabin,
          nzn_winding_woodlands_5x15_jagged, nzn_winding_woodlands_5x15_default,
          nzn_winding_woodlands_5x15_pathside_ponds,
          nzn_winding_woodlands_5x15_twine, nzn_winding_woodlands_5x15_pockets,
          nzn_winding_woodlands_5x15_eye, nzn_winding_woodlands_5x15_concentric,
          nzn_winding_woodlands_center_garden,
          nzn_winding_woodlands_center_pierced_h,
          nzn_winding_woodlands_15x15_thick_spiral], layout_small_grid,
          rand_demon_pan_entry_9, hell_entry, kennysheep_boxes
Depths:3: minmay_skeletal_surprise, layout_basic, pf_vacation_house_of_asmodeus,
          pan_entry, drop_trap, infiniplex_staircase_squiggle, minmay_shop_star,
          uniq_sojobo, uniq_xtahua
Depths:4: minmay_two_paths, layout_cave_shapes, enter_ziggurat_d,
          glass_columns_a, hell_entry, abyss_entry_flame_altar, tso_altar,
          minmay_shoptagon, uniq_jory
Depths:5: grunt_zot_entry_tricorne, layout_gridlike, pf_coc_iceberg,
          okawaru_ov_weapons_minmay, grunt_pan_entry_in_and_out,
          chequers_decorated_corner, grunt_decor_junction
Zot:1:    minmay_elemental_castle, layout_twisted_circle
Zot:2:    layout_gridlike
Zot:3:    layout_onion
Zot:4:    layout_cathedral_of_symmetry, grunt_megastairs_5
Zot:5:    layout_gridlike

Skill      XL: |  1  2  3  4  5  6  7  8  9 10 11 12 13 14 15 16 17 18 19 20 21 22 23 24 25 26 27 |
---------------+----------------------------------------------------------------------------------+-----
Stealth        | 2 5 6 7 9 |  9.8
Evocations     | 1 2 3 4 5 6 7 9 11 12 13 14 15 | 15.5
Fighting       | 3 4 5 6 7 8 10 11 13 14 15 16 17 18 19 22 | 22.0
Short Blades   | 3 4 6 10 12 | 12.0
Armour         | 2 3 5 6 8 9 11 12 13 14 15 18 | 18.2
Shields        | 4 6 8 10 11 12 13 15 16 17 18 19 20 | 20.0
Dodging        | 6 7 8 9 10 12 13 15 16 18 19 22 | 22.0
Invocations    | 2 3 5 8 9 10 | 10.0
Slings         | 1 |  1.5
Polearms       | 10 14 15 | 15.0
Throwing       | 3 6 9 11 13 14 15 16 17 18 20 | 20.3

Action                   |  1- 3 |  4- 6 |  7- 9 | 10-12 | 13-15 | 16-18 | 19-21 | 22-24 | 25-27 || total
-------------------------+-------+-------+-------+-------+-------+-------+-------+-------+-------++-------
Melee: Trident           |    21 |       |       |       |   820 |  1379 |       |       |       ||  2220
       Spear             |    28 |       |    26 |    20 |       |       |       |       |       ||    74
       Dagger            |    28 |   122 |   324 |   123 |       |       |       |       |       ||   597
       Tailslap          |       |     2 |     6 |     6 |     3 |    14 |       |       |    16 ||    47
       Short sword       |       |       |       |   456 |    60 |       |       |       |       ||   516
       Rapier            |       |       |       |       |    20 |       |       |       |       ||    20
       Demon trident     |       |       |       |       |       |   282 |   919 |   657 |  1411 ||  3269
       Double sword      |       |       |       |       |       |       |       |    19 |       ||    19
 Fire: Hunting sling     |       |       |       |   123 |   166 |       |       |       |       ||   289
Throw: Stone             |    22 |   148 |   119 |    37 |       |       |       |       |       ||   326
       Dart              |    30 |    20 |    97 |   127 |    30 |     7 |     4 |    12 |    26 ||   353
       Throwing net      |     7 |     7 |       |       |       |       |       |       |       ||    14
       Javelin           |       |       |       |       |       |    80 |   431 |   556 |   501 ||  1568
       Boomerang         |       |       |       |       |       |       |     3 |       |       ||     3
Invok: Heroism           |       |       |       |     9 |    14 |    20 |    24 |    15 |    30 ||   112
       Finesse           |       |       |       |     2 |       |     3 |     3 |     4 |    13 ||    25
Evoke: Wand              |       |       |    24 |    26 |    19 |    18 |     6 |       |     8 ||   101
       Condenser vane    |       |       |       |       |     2 |     4 |     5 |     4 |     3 ||    18
       Phantom mirror    |       |       |       |       |     1 |     3 |     1 |     1 |       ||     6
       Lightning rod     |       |       |       |       |       |       |       |     2 |     4 ||     6
       Box of beasts     |       |       |       |       |       |       |       |     1 |     2 ||     3
       Phial of floods   |       |       |       |       |       |       |       |       |     1 ||     1
  Use: Scroll            |     3 |     1 |     3 |    14 |    13 |    14 |     2 |     1 |     7 ||    58
       Potion            |       |       |       |       |       |     4 |     2 |     1 |    10 ||    17
 Stab: Held in net/web   |     1 |       |       |       |       |       |       |       |       ||     1
       Paralysed         |       |       |     2 |     6 |       |       |       |       |       ||     8
       Petrified         |       |       |       |     1 |       |     5 |       |       |       ||     6
       Confused          |       |       |       |       |     1 |       |       |       |       ||     1
       Invisible         |       |       |       |       |       |    10 |     1 |     2 |     5 ||    18
       Distracted        |       |       |       |       |       |     2 |       |     1 |     1 ||     4
       Sleeping          |       |       |       |       |       |     1 |       |       |       ||     1
Armor: Scale mail        |    20 |    37 |    18 |       |       |     7 |       |       |       ||    82
       Chain mail        |       |       |   130 |   110 |   199 |   147 |   118 |       |       ||   704
       Crystal plate arm |       |       |       |       |       |       |    16 |    94 |       ||   110
       Gold dragon scale |       |       |       |       |       |       |       |    93 |   336 ||   429
Dodge: Dodged            |    30 |    53 |    98 |   102 |   161 |   192 |   121 |   131 |   325 ||  1213
Block: Buckler           |       |       |    14 |       |       |       |       |       |       ||    14
       Kite shield       |       |       |    37 |   345 |   456 |   184 |       |       |       ||  1022
       Reflection        |       |       |       |     6 |    31 |   115 |   118 |    29 |    17 ||   316
       Tower shield      |       |       |       |       |       |   776 |   729 |   691 |  1000 ||  3196
       Rpst.: Short sword |       |       |       |    11 |     2 |       |       |       |       ||    13
       Trident           |       |       |       |       |    25 |    21 |       |       |       ||    46

Table legend: (Time is in decaauts)
 A = Elapsed time spent in this place.
 B = Non-inter-level travel time spent in this place.
 C = Inter-level travel time spent in this place.
 D = Time resting spent in this place.
 E = Time spent auto-exploring this place.
 F = Levels seen in this place.
 G = Mean time per level.
                   A        B        C        D        E       F      G
               +--------+--------+--------+--------+--------+-----+--------+
         Total |  75060 |  66900 |   8160 |  10446 |  31038 |  51 | 1471.8 |
       Dungeon |  27694 |  24183 |   3511 |   5745 |   6796 |  15 | 1846.3 |
        Temple |    266 |    217 |     49 |      0 |    212 |   1 |  266.0 |
          Lair |   8319 |   7086 |   1233 |    864 |   3997 |   6 | 1386.5 |
        Shoals |   4421 |   3863 |    558 |    526 |   1647 |   4 | 1105.2 |
     Snake Pit |   5550 |   5085 |    465 |   1294 |   2216 |   4 | 1387.5 |
  Orcish Mines |   2199 |   2048 |    151 |    303 |   1026 |   2 | 1099.5 |
        Vaults |   9000 |   8097 |    903 |    431 |   4778 |   5 | 1800.0 |
        Depths |   8979 |   8314 |    665 |    634 |   5963 |   5 | 1795.8 |
           Zot |   7445 |   6823 |    622 |    537 |   4214 |   5 | 1489.0 |
         Abyss |     34 |     34 |      0 |      0 |      0 |   1 |   34.0 |
        Bailey |    250 |    250 |      0 |    100 |      0 |   1 |  250.0 |
      Ice Cave |    582 |    582 |      0 |      6 |    158 |   1 |  582.0 |
       Volcano |    314 |    314 |      0 |      3 |     27 |   1 |  314.0 |
               +--------+--------+--------+--------+--------+-----+--------+

Top non-repeatable levels by time:
     D:9: 3093 daAuts
     D:4: 2794 daAuts
   Zot:5: 2632 daAuts
     D:5: 2473 daAuts
Vaults:5: 2311 daAuts
Depths:2: 2272 daAuts
     D:6: 2232 daAuts
    D:10: 2149 daAuts
    D:14: 2015 daAuts
Depths:4: 1955 daAuts
Vaults:4: 1923 daAuts
 Snake:4: 1909 daAuts
    D:15: 1869 daAuts
   Orc:2: 1752 daAuts
Vaults:3: 1705 daAuts
